 Dungeon Crawl Stone Soup version 0.28-a0-706-gf6f64a616a (webtiles) character file.

Game seed: 11227185598192193308

4366 avis the Grappler (level 9, -14/78 HPs)
             Began as a Demigod Transmuter on Oct 25, 2021.
             Demolished by a wyvern (17 damage)
             ... on level 8 of the Dungeon.
             The game lasted 00:50:30 (11403 turns).

avis the Grappler (Demigod Transmuter)             Turns: 11403, Time: 00:50:31

Health: -14/78     AC:  2    Str: 19    XL:     9   Next: 89%
Magic:  12/15      EV: 19    Int: 19    God:
Gold:   99         SH:  0    Dex: 19    Spells: 2/12 levels left

rFire   . . .      SeeInvis .     - Unarmed
rCold   . . .      Faith    .   (shield currently unavailable)
rNeg    . . .      Spirit   .   (armour currently unavailable)
rPois   x          Reflect  .   (helmet currently unavailable)
rElec   .          Harm     .   (cloak currently unavailable)
rCorr   .          Rampage  .   (gloves currently unavailable)
Will    .....                   (boots currently unavailable)
Stlth   ++........              (no amulet)
HPRegen 0.23/turn               (no ring)
MPRegen 0.14/turn               (no ring)

@: spider-form
A: venomous fangs, tiny, high mp 1, forlorn
a: End Transformation


You were on level 8 of the Dungeon.
You were a venomous arachnid creature.
You visited 2 branches of the dungeon, and saw 9 of its levels.

You collected 349 gold pieces.
You spent 250 gold pieces at shops.

Inventory:

Missiles
 j - 41 poisoned darts
 t - 6 boomerangs
Armour
 d - the +0 pair of boots of Daisies (melded) {rPois rC+}
   (You found it on level 5 of the Dungeon)

   rC:        It protects you from cold.
   rPois:     It protects you from poison.
 g - a +0 cloak (melded)
 z - +1 steam dragon scales (melded)
Scrolls
 f - a scroll of enchant armour
 m - a scroll of teleportation {unknown}
 n - a scroll of noise
 v - 2 scrolls of amnesia
Potions
 c - a potion of flight
 k - a potion of berserk rage {unknown}
 l - a potion of heal wounds {unknown}
 o - a potion of attraction {unknown}
 q - 2 potions of brilliance
 r - 2 potions of curing
 u - a potion of lignification {unknown}
 w - a potion of might {unknown}


   Skills:
 * Level 6.8 Fighting
 - Level 2.0 Dodging
 - Level 10.0 Unarmed Combat
 - Level 2.0 Spellcasting
 - Level 5.0 Transmutations
 - Level 4.0 Ice Magic
 - Level 2.0 Poison Magic


You had 2 spell levels left.
You knew the following spells:

 Your Spells              Type           Power      Damage    Failure   Level
a - Beastly Appendage     Tmut           40%        N/A       9%          1
e - Wereblood             Tmut           20%        N/A       11%         2
p - Spider Form           Tmut/Pois      7%         N/A       28%         3
q - Ice Form              Ice/Tmut       19%        N/A       47%         4

Your spell library contained the following spells:

 Spells                   Type           Power      Damage    Failure   Level
 Magic Dart               Conj           4%         1d3       36%         1
 Searing Ray              Conj           2%         2d4       47%         2
 Summon Guardian Golem    Hex/Summ       1%         N/A       67%         3
 Summon Ice Beast         Ice/Summ       9%         N/A       78%         4
 Fulminant Prism          Conj/Hex       0%         3d6       95%         4
 Freezing Cloud           Conj/Ice/Air   3%         6-21      99%         5
 Summon Mana Viper        Hex/Summ       1%         N/A       100%        5
 Simulacrum               Ice/Necr       4%         N/A       100%        6
 Monstrous Menagerie      Summ           0%         N/A       100%        7
 Orb of Destruction       Conj           0%         N/A       100%        7
 Spellforged Servitor     Conj/Summ      0%         N/A       100%        7
 Polar Vortex             Ice            8%         N/A       100%        9


Dungeon Overview and Level Annotations

Branches:
Dungeon (8/15)             Temple (1/1) D:5            Lair (0/6) D:8

Shops:
D:3 [


Innate Abilities, Weirdness & Mutations

You are a venomous arachnid creature.
You have poisonous fangs.
You are tiny and dextrous.
Your spellcasting is less reliable in this form.
Your armour is entirely melded.
You are incapable of wielding weapons or throwing items.
Your attributes grow dramatically as you level up.
You have an increased reservoir of magic. (+10% MP)
You shall have no god before yourself.


Message History

The two-headed ogre hits your orc with a +0 giant club!!
Your orc dies!
Your orc's corpse dissolves into shadows!
The wolf howls!
You hit the black bear.
The black bear is moderately wounded.
The wolf closely misses you. The black bear completely misses you.
The black bear closely misses you. The black bear barely misses you.
Unknown command.
You barely miss the black bear.
The black bear is moderately wounded.
A nearby plant withers and dies.
The wolf misses you. The wolf barely misses you.
A black bear comes into view.
The wolf bites you. The wolf bites you! The black bear bites you.
The black bear completely misses you. The black bear barely misses you.
The water moccasin completely misses you.
The two-headed ogre closely misses you. x2
The water moccasin barely misses you. The wolf closely misses you.
The black bear misses you. The black bear closely misses you.
The black bear misses you.
The sky beast flickers out of sight!
Deactivating autopickup; reactivate with Ctrl-A.
The wyvern bites you!
* * * LOW HITPOINT WARNING * * *
The wolf misses you. The wolf misses you. x2
A sky beast appears from thin air!
Reactivating autopickup.
The wyvern bites you.
* * * LOW HITPOINT WARNING * * *
The wolf closely misses you.
The sky beast flickers out of sight!
Deactivating autopickup; reactivate with Ctrl-A.
The wolf bites you!
* * * LOW HITPOINT WARNING * * *
There is a stone staircase leading up here.
The wyvern misses you.
The water moccasin bites you but does no damage.
The wyvern bites you!
You die...

#...#* ##.......$....,,,,,
*#...#####...........PP♣,,,,
*#**##...............P..P...,,,,
*,....../####..####.........,,,,
**#.*##...#...###.)....P.P>.,,,,
#.##.........#<.#.........,,,,
#.............)##..§§..P.P,,,, #
*#............S##......)..,,,, ##
##.........>shh.hh......P,,,, .##
#..†........lO#..?P.....,,,, [.#
###........##............,,,,
..###...##....##...#......)..,,,,
..#...#####...##.#.#..Y...?..,,,,
....### #......#.###..##..#*,,*
.#### #....###..**......#*,,, ..#
*#.....,....,..###..,,*, ..#
**,,#.gg,...,,..#*,,,,,*,


You could see a two-headed ogre, a water moccasin, 2 black bears, a wyvern, a
sky beast and 2 wolves.

Vanquished Creatures
  Pikel (D:4)
  A hornet (D:7)
  Prince Ribbit (D:8)
  2 wyverns (D:7)
  A basilisk (D:7)
  Eustachio (D:4)
  2 steam dragons (D:7)
  A water moccasin (D:7)
  5 ice beasts
  3 sky beasts
  A black bear (D:5)
  3 ogres
  2 lemures (D:3)
  A phantom (D:4)
  2 bullfrogs
  2 wyvern zombies
  4 scorpions
  4 killer bees (D:7)
  A howler monkey (D:4)
  A bullfrog zombie (D:5)
  2 jellies
  A centaur zombie (D:7)
  2 orc priests
  2 hounds
  A gnoll shaman (D:7)
  4 orc wizards
  Natasha (thrice) (D:4)
  4 iguanas
  A killer bee zombie (D:7)
  7 gnolls
  6 adders
  A worm (D:5)
  A dart slug (D:4)
  7 orcs
  6 endoplasms
  A giant cockroach (D:2)
  9 hobgoblins
  2 jackals (D:1)
  6 kobolds
  5 quokkas
  8 ball pythons
  7 bats
  A frilled lizard (D:2)
  4 goblins
  6 rats
136 creatures vanquished.

Vanquished Creatures (others)
  10 plants
10 creatures vanquished.

Grand Total: 146 creatures vanquished

Notes
Turn   | Place    | Note
-------+----------+-------------------------------------------
     0 | D:1      | avis the Demigod Transmuter began the quest for the Orb.
     0 | D:1      | Reached XP level 1. HP: 15/15 MP: 5/5
    83 | D:1      | Reached skill level 3 in Unarmed Combat
   591 | D:1      | Reached XP level 2. HP: 22/22 MP: 5/7
  1447 | D:1      | Reached XP level 3. HP: 27/27 MP: 6/8
  1451 | D:1      | Learned a level 3 spell: Spider Form
  1940 | D:2      | Reached skill level 4 in Unarmed Combat
  1978 | D:2      | Reached skill level 1 in Fighting
  2496 | D:2      | Reached skill level 1 in Poison Magic
  3352 | D:3      | Found Gemylile's Antique Armour Shop.
  3624 | D:3      | Reached XP level 4. HP: 30/35 MP: 7/9
  4297 | D:4      | Noticed a phantom
  4306 | D:4      | Killed a phantom
  4307 | D:4      | Reached XP level 5. HP: 13/41 MP: 10/10
  4325 | D:4      | HP: 2/41 [iguana (13)]
  4846 | D:4      | Noticed Eustachio
  5014 | D:3      | Bought a glowing robe for 70 gold pieces
  5460 | D:4      | Noticed Pikel
  5591 | D:4      | Killed Pikel
  5592 | D:4      | Reached skill level 5 in Unarmed Combat
  5592 | D:4      | Reached skill level 6 in Unarmed Combat
  5592 | D:4      | Reached XP level 6. HP: 51/51 MP: 7/11
  5592 | D:4      | Reached XP level 7. HP: 57/57 MP: 8/13
  5610 | D:4      | Learned a level 4 spell: Ice Form
  5727 | D:4      | Noticed Natasha
  5735 | D:4      | Killed Natasha
  5917 | D:4      | Killed Eustachio
  5918 | D:4      | Reached skill level 7 in Unarmed Combat
  6197 | D:4      | Noticed Natasha
  6355 | D:4      | Killed Natasha
  6543 | D:4      | Noticed Natasha
  6551 | D:4      | Killed Natasha
  6591 | D:5      | Entered Level 5 of the Dungeon
  6591 | D:5      | Found a staircase to the Ecumenical Temple.
  6791 | Temple   | Entered the Ecumenical Temple
  6989 | D:5      | Reached XP level 8. HP: 66/66 MP: 12/14
  7031 | D:5      | Reached skill level 8 in Unarmed Combat
  7062 | D:5      | Identified the +0 pair of boots of Daisies {rPois rC+}
  7684 | D:6      | Reached skill level 5 in Fighting
  8643 | D:6      | Reached skill level 9 in Unarmed Combat
  9151 | D:7      | Reached skill level 1 in Ice Magic
  9381 | D:7      | Reached XP level 9. HP: 62/74 MP: 9/15
  9498 | D:7      | Reached skill level 5 in Transmutations
  9564 | D:6      | Learned a level 2 spell: Wereblood
  9707 | D:7      | Identified the +5 rapier "Odent" {flame, *Rage rElec Will+
                  | Dex+6}
 10200 | D:3      | Bought a scorched helmet for 180 gold pieces
 10200 | D:3      | Identified the -4 helmet of Hedging {Harm rPois rCorr} (You
                  | bought it in a shop on level 3 of the Dungeon)
 10365 | D:8      | Noticed Prince Ribbit
 10637 | D:8      | Killed Prince Ribbit
 10650 | D:8      | Found a staircase to the Lair.
 10992 | D:7      | Reached skill level 10 in Unarmed Combat
 11385 | D:8      | Noticed a two-headed ogre
 11402 | D:8      | HP: 3/78 [wolf (8)]
 11403 | D:8      | Demolished by a wyvern

Illustrated notes

Levels and vault maps discovered:
D:1:      lemuel_arrival_tunnels, layout_basic
D:2:      layout_basic, chequers_serial_rivers_room_a, st_stairs_13
D:3:      layout_loops_corners, mainiacjoe_overflow_small_starburst,
          mainiacjoe_overflow_swirl, serial_shops, shop_fountains,
          hellmonk_ecumenical_altar_arch_garden, serial_bayou_lake_a
D:4:      layout_loops_ring, nicolae_wu_jian_immortal_techniques,
          uniq_eustachio, uniq_natasha, uniq_pikel
D:5:      layout_rooms, kiku_gazebo_garden_becter, overflow_temple_1_default,
          minmay_temple_entry_glass
D:6:      layout_basic, cheibrodos_ashenzari_chains, minmay_misc_feat_rows
D:7:      layout_cave_pools, mainiacjoe_overflow_brackets
D:8:      layout_rooms, minmay_lair_entry_grove, enter_bailey_5,
          grunt_decor_junction, uniq_psyche, uniq_joseph, uniq_prince_ribbit1
Temple:   compressed_dpeg_circular_temple

Skill      XL: |  1  2  3  4  5  6  7  8  9 |
---------------+----------------------------+-----
Unarmed Combat | 3 4 6 7 9 10 | 10.0
Fighting       | 1 2 3 4 5 6 |  6.8
Transmutations | 2 3 4 5 |  5.0
Spellcasting   | 2 |  2.0
Poison Magic   | 1 2 |  2.0
Dodging        | 2 |  2.0
Ice Magic      | 2 4 |  4.0

Action                   |  1- 3 |  4- 6 |  7- 9 || total
-------------------------+-------+-------+-------++-------
Melee: Unarmed           |   122 |    62 |   247 ||   431
       Kick              |    23 |     7 |       ||    30
       Headbutt          |    12 |     5 |     1 ||    18
       Punch             |     1 |       |       ||     1
 Cast: Beastly Appendage |    47 |     5 |     2 ||    54
       Spider Form       |       |    13 |    36 ||    49
       Ice Form          |       |       |    15 ||    15
 Abil: End Transformatio |       |       |     1 ||     1
  Use: Scroll            |       |       |     8 ||     8
       Potion            |       |       |     1 ||     1
 Stab: Sleeping          |     2 |     1 |     2 ||     5
Armor: Robe              |    20 |       |       ||    20
       Leather armour    |     4 |     1 |     2 ||     7
       Skin              |       |     1 |    46 ||    47
       Steam dragon scal |       |       |     1 ||     1
Dodge: Dodged            |    55 |    39 |   185 ||   279

Table legend: (Time is in decaauts)
 A = Elapsed time spent in this place.
 B = Non-inter-level travel time spent in this place.
 C = Inter-level travel time spent in this place.
 D = Time resting spent in this place.
 E = Time spent auto-exploring this place.
 F = Levels seen in this place.
 G = Mean time per level.
                   A        B        C        D        E       F      G
               +--------+--------+--------+--------+--------+-----+--------+
         Total |  11431 |  10196 |   1235 |   3980 |   4015 |   9 | 1270.1 |
       Dungeon |  11394 |  10162 |   1232 |   3980 |   4015 |   8 | 1424.2 |
        Temple |     36 |     33 |      3 |      0 |      0 |   1 |   36.0 |
               +--------+--------+--------+--------+--------+-----+--------+

Top non-repeatable levels by time:
     D:4: 1926 daAuts
     D:6: 1891 daAuts
     D:3: 1847 daAuts
     D:1: 1786 daAuts
     D:7: 1672 daAuts
     D:2: 1416 daAuts
     D:5: 745 daAuts
     D:8: 108 daAuts
  Temple: 36 daAuts
